BSA
NIAGARA FALLS FRENZY @ SPRINGFIELD STARS
09/15/2027
 
TOP OF THE 1ST
Niagara Falls Frenzy batting - Pitching for Springfield Stars : RHP Tegama Adebamgbe
Pitching: RHP Tegama Adebamgbe
Batting: RHB Tomás Estrada 0-0: Ball
1-0: Foul Ball, location: 2F
1-1: Ball
2-1: Fly out, F7 (Line Drive, 78D)
Batting: RHB Zander Tremblett 0-0: Ball
1-0: Ball
2-0: SINGLE (Groundball, 34D)
Batting: LHB Clyde Yarbrough 0-0: Called Strike
0-1: Ball
1-1: Called Strike
1-2: Fly out, F8 (Flyball, 8RS)
Batting: LHB Dante Owens 0-0: Called Strike
0-1: Ball
1-1: Swinging Strike
1-2: Foul Ball, location: 2F
1-2: Foul Ball, location: 2F
1-2: Ball
2-2: Fielders Choice at 2nd, 5-4 (Groundball, 56)
Top of the 1st over - 0 run(s), 1 hit(s), 0 error(s), 0 left on base; Niagara Falls 0 - Springfield 0
BOTTOM OF THE 1ST
Springfield Stars batting - Pitching for Niagara Falls Frenzy : RHP George Nelson
Pitching: RHP George Nelson
Batting: RHB Calvin Bennett 0-0: Called Strike
0-1: Ball
1-1: Foul Ball, location: 2F
1-2: Fly out, F9 (Flyball, 89M)
Batting: RHB Norberto Taváres 0-0: Ball
1-0: Foul Ball, location: 2F
1-1: Foul Ball, location: 2F
1-2: Ball
2-2: Foul Ball, location: 2F
2-2: SINGLE (Groundball, 4MD)
Batting: LHB Derek Davidson 0-0: Ball
Norberto Taváres steals 2nd base
1-0: Called Strike
1-1: SINGLE (Groundball, 25) (infield hit)
Norberto Taváres to third
Batting: LHB Felipe Guerrero 0-0: Called Strike
0-1: Grounds into double play, 6-4-3 (Groundball, 6D)
Bottom of the 1st over - 0 run(s), 2 hit(s), 0 error(s), 1 left on base; Niagara Falls 0 - Springfield 0
TOP OF THE 2ND
Niagara Falls Frenzy batting - Pitching for Springfield Stars : RHP Tegama Adebamgbe
Batting: SHB Martín De Jesús 0-0: Called Strike
0-1: Ball
1-1: Foul Ball, location: 2F
1-2: Foul Ball, location: 2F
1-2: Strikes out swinging
Batting: LHB Leo Wyeth 0-0: Ball
1-0: Ball
2-0: Foul Ball, location: 2F
2-1: Ball
3-1: Base on Balls
Batting: RHB Ángel Hinojosa 0-0: Ball
1-0: Ball
2-0: Ball
3-0: Called Strike
3-1: Base on Balls
Leo Wyeth to second
Batting: LHB Bill Hall 0-0: Ball
1-0: Ball
2-0: Swinging Strike
2-1: SINGLE (Line Drive, 4M)
Leo Wyeth to third
Ángel Hinojosa to second
Batting: SHB Dave MacThomas 0-0: Foul Ball, location: 2F
0-1: Ball
1-1: Ball
2-1: SINGLE (Groundball, 6MD)
Leo Wyeth scores
Ángel Hinojosa to third
Bill Hall to second
Runner from 3rd tries for Home, SAFE, throw made home
Bill Hall to third
Dave MacThomas to second
Batting: RHB Tomás Estrada 0-0: Ball
1-0: Foul Ball, location: 2F
1-1: Ball
2-1: Ball
3-1: Called Strike
3-2: Foul Ball, location: 2F
3-2: Base on Balls
Batting: RHB Zander Tremblett 0-0: Ball
1-0: Ball
2-0: Called Strike
2-1: Ball
3-1: Grounds into double play, 4-6-3 (Groundball, 34)
Top of the 2nd over - 2 run(s), 2 hit(s), 0 error(s), 2 left on base; Niagara Falls 2 - Springfield 0
BOTTOM OF THE 2ND
Springfield Stars batting - Pitching for Niagara Falls Frenzy : RHP George Nelson
Batting: LHB Elliott Newell 0-0: Foul Ball, location: 2F
0-1: Swinging Strike
0-2: Foul Ball, location: 2F
0-2: Hit by Pitch
Batting: SHB Shane Hutchinson 0-0: Foul Ball, location: 2F
0-1: Foul Ball, location: 2F
0-2: Fly out, F5 (Line Drive, 56)
Batting: RHB Félix Gonzáles Pickoff Throw to First - Out!
0-0: Ground out 1-3 (Groundball, P)
Bottom of the 2nd over - 0 run(s), 0 hit(s), 0 error(s), 0 left on base; Niagara Falls 2 - Springfield 0
TOP OF THE 3RD
Niagara Falls Frenzy batting - Pitching for Springfield Stars : RHP Tegama Adebamgbe
Batting: LHB Clyde Yarbrough 0-0: Swinging Strike
0-1: Foul Ball, location: 2F
0-2: Ball
1-2: Ball
2-2: Foul Ball, location: 2F
2-2: Fly out, F8 (Flyball, 78XD)
Batting: LHB Dante Owens 0-0: Ball
1-0: Called Strike
1-1: Foul Ball, location: 2F
1-2: Foul Ball, location: 2F
1-2: Ball
2-2: Foul Ball, location: 2F
2-2: Ball
3-2: DOUBLE (Flyball, 78D)
Batting: SHB Martín De Jesús 0-0: Ball
1-0: 2-RUN HOME RUN (Flyball, 89XD), Distance : 421 ft
Batting: LHB Leo Wyeth 0-0: SINGLE (Groundball, 34D)
Batting: RHB Ángel Hinojosa 0-0: Called Strike
0-1: Ball
1-1: SINGLE (Groundball, 56D)
Leo Wyeth to second
Batting: LHB Bill Hall 0-0: Ball
1-0: Called Strike
1-1: DOUBLE (Line Drive, 89D)
Leo Wyeth scores
Ángel Hinojosa to third
Batting: SHB Dave MacThomas 0-0: Foul Ball, location: 2F
0-1: Ball
1-1: Ground out U3 (Groundball, 34)
Ángel Hinojosa scores
Bill Hall to third
Pitching: LHP Jorge Aybar
Batting: RHB Tomás Estrada 0-0: Called Strike
0-1: DOUBLE (Line Drive, 7LD)
Bill Hall scores
Batting: RHB Zander Tremblett 0-0: Called Strike
0-1: Called Strike
0-2: Foul Ball, location: 2F
0-2: DOUBLE (Groundball, 5L)
Tomás Estrada scores
Batting: LHB Clyde Yarbrough 0-0: Ball
1-0: Called Strike
1-1: Ball
2-1: Fly out, F8 (Flyball, 8RD)
Top of the 3rd over - 6 run(s), 7 hit(s), 0 error(s), 1 left on base; Niagara Falls 8 - Springfield 0
BOTTOM OF THE 3RD
Springfield Stars batting - Pitching for Niagara Falls Frenzy : RHP George Nelson
Batting: RHB Juan Carlos Rodríguez 0-0: Called Strike
0-1: Swinging Strike
0-2: Strikes out looking
Batting: LHB Jesús Tobías 0-0: Ball
1-0: Ball
2-0: Ball
3-0: Base on Balls
Batting: RHB Calvin Bennett 0-0: Called Strike
0-1: Foul Ball, location: 2F
0-2: Ball
1-2: Ball
Jesús Tobías steals 2nd base
2-2: Ball
3-2: Strikes out swinging
Batting: RHB Norberto Taváres 0-0: Called Strike
0-1: Ball
1-1: Ball
2-1: Foul Ball, location: 2F
2-2: Ball
3-2: Foul Ball, location: 2F
3-2: Foul Ball, location: 2F
3-2: Foul Ball, location: 2F
3-2: Ground out 5-3 (Groundball, 56)
Bottom of the 3rd over - 0 run(s), 0 hit(s), 0 error(s), 1 left on base; Niagara Falls 8 - Springfield 0
TOP OF THE 4TH
Niagara Falls Frenzy batting - Pitching for Springfield Stars : LHP Jorge Aybar
Batting: LHB Dante Owens 0-0: Ball
1-0: Called Strike
1-1: Ball
2-1: Ball
3-1: Called Strike
3-2: Foul Ball, location: 2F
3-2: Foul Ball, location: 2F
3-2: Base on Balls
Batting: SHB Martín De Jesús 0-0: Fielders Choice at 2nd, 1-6 (Groundball, 13)
Batting: LHB Leo Wyeth 0-0: Called Strike
0-1: Foul Ball, location: 2F
0-2: Ball
Martín De Jesús steals 2nd base
1-2: Ball
2-2: Foul Ball, location: 2F
2-2: Hit by Pitch
Batting: RHB Ángel Hinojosa 0-0: Ball
1-0: Foul Ball, location: 2F
1-1: Foul Ball, location: 2F
1-2: Ball
2-2: Ball
3-2: Ground out 6-3 (Groundball, 6)
Martín De Jesús to third
Leo Wyeth to second
Batting: LHB Bill Hall 0-0: Called Strike
0-1: Ball
1-1: Foul Ball, location: 2F
1-2: Ball
2-2: Fly out, F5 (Line Drive, 5)
Top of the 4th over - 0 run(s), 0 hit(s), 0 error(s), 2 left on base; Niagara Falls 8 - Springfield 0
BOTTOM OF THE 4TH
Springfield Stars batting - Pitching for Niagara Falls Frenzy : RHP George Nelson
Batting: LHB Derek Davidson 0-0: Ball
1-0: Ball
2-0: SINGLE (Groundball, 34D)
Batting: LHB Felipe Guerrero 0-0: Swinging Strike
0-1: Swinging Strike
0-2: Foul Ball, location: 2F
0-2: Foul Ball, location: 2F
0-2: Ball
1-2: Foul Ball, location: 2F
1-2: Ball
2-2: Strikes out swinging
Batting: LHB Elliott Newell 0-0: Called Strike
0-1: Swinging Strike
0-2: Foul Ball, location: 2F
0-2: Foul Ball, location: 2F
0-2: Ball
1-2: Fly out, F7 (Line Drive, 7D)
Batting: SHB Shane Hutchinson 0-0: 2-RUN HOME RUN (Flyball, 8RXD) (Inside the Park)
Batting: RHB Félix Gonzáles 0-0: Foul Ball, location: 2F
0-1: Swinging Strike
0-2: Ball
1-2: Strikes out swinging
Bottom of the 4th over - 2 run(s), 2 hit(s), 0 error(s), 0 left on base; Niagara Falls 8 - Springfield 2
TOP OF THE 5TH
Niagara Falls Frenzy batting - Pitching for Springfield Stars : LHP Jorge Aybar
Batting: SHB Dave MacThomas 0-0: Called Strike
0-1: Ball
1-1: Foul Ball, location: 2F
1-2: Strikes out swinging
Batting: RHB Tomás Estrada 0-0: Ball
1-0: Ball
2-0: Swinging Strike
2-1: Foul Ball, location: 2F
2-2: Ground out 4-3 (Groundball, 4)
Batting: RHB Zander Tremblett 0-0: Ball
1-0: Ball
2-0: Ground out 4-3 (Groundball, 4)
Top of the 5th over - 0 run(s), 0 hit(s), 0 error(s), 0 left on base; Niagara Falls 8 - Springfield 2
BOTTOM OF THE 5TH
Springfield Stars batting - Pitching for Niagara Falls Frenzy : RHP George Nelson
Batting: RHB Juan Carlos Rodríguez 0-0: Ball
1-0: Foul Ball, location: 2F
1-1: Fly out, F6 (Popup, 6MS)
Batting: LHB Jesús Tobías 0-0: Fly out, F8 (Flyball, 8RS)
Batting: RHB Calvin Bennett 0-0: Ball
1-0: Ball
2-0: Ball
3-0: Base on Balls
Batting: RHB Norberto Taváres 0-0: Ball
Calvin Bennett is caught stealing 2nd base
Bottom of the 5th over - 0 run(s), 0 hit(s), 0 error(s), 0 left on base; Niagara Falls 8 - Springfield 2
TOP OF THE 6TH
Niagara Falls Frenzy batting - Pitching for Springfield Stars : LHP Jorge Aybar
Batting: LHB Clyde Yarbrough 0-0: Ball
1-0: TRIPLE (Groundball, 3L)
Batting: LHB Dante Owens 0-0: Ball
1-0: Foul Ball, location: 2F
1-1: Foul Ball, location: 2F
1-2: Strikes out looking
Batting: SHB Martín De Jesús 0-0: Foul Ball, location: 2F
0-1: Ball
1-1: Ball
2-1: Foul Ball, location: 2F
2-2: Foul Ball, location: 2F
2-2: Ball
3-2: Foul Ball, location: 2F
3-2: Base on Balls
Pitching: RHP George Lockhart
Batting: LHB Leo Wyeth 0-0: Ball
1-0: Ball
2-0: Ball
3-0: Base on Balls
Martín De Jesús to second
Batting: RHB Ángel Hinojosa 0-0: Ball
1-0: Ball
2-0: Called Strike
2-1: Foul Ball, location: 2F
2-2: Ball
3-2: Foul Ball, location: 2F
3-2: Strikes out looking
Batting: LHB Bill Hall 0-0: Called Strike
0-1: Foul Ball, location: 2F
0-2: DOUBLE (Flyball, 7LM)
Clyde Yarbrough scores
Martín De Jesús scores
Leo Wyeth to third
Runner from 3rd tries for Home, SAFE, no throw
Batting: SHB Dave MacThomas 0-0: Ball
1-0: Swinging Strike
Passed Ball!
Bill Hall to third
1-1: Ball
2-1: Swinging Strike
2-2: Ball
3-2: Reached on error, E5 (Groundball, 56S)
Bill Hall scores
Batting: RHB Tomás Estrada 0-0: Ball
1-0: Foul Ball, location: 2F
Balk!
Dave MacThomas to second
1-1: Foul Ball, location: 2F
1-2: Ground out 5-3 (Groundball, 56)
Top of the 6th over - 4 run(s), 2 hit(s), 1 error(s), 1 left on base; Niagara Falls 12 - Springfield 2
BOTTOM OF THE 6TH
Springfield Stars batting - Pitching for Niagara Falls Frenzy : RHP George Nelson
Batting: RHB Norberto Taváres 0-0: Swinging Strike
0-1: Ball
1-1: Ball
2-1: Foul Ball, location: 2F
2-2: Ground out 4-3 (Groundball, 4)
Batting: LHB Derek Davidson 0-0: Ball
1-0: Called Strike
1-1: Called Strike
1-2: Ball
2-2: Foul Ball, location: 2F
2-2: SOLO HOME RUN (Flyball, 9LD), Distance : 330 ft
Batting: LHB Felipe Guerrero 0-0: Foul Ball, location: 2F
0-1: Ball
1-1: Called Strike
1-2: Fly out, F9 (Flyball, 89S)
Batting: LHB Elliott Newell 0-0: Foul Ball, location: 2F
0-1: Ball
1-1: Swinging Strike
1-2: Ball
2-2: SINGLE (Groundball, 34S) (infield hit)
Batting: SHB Shane Hutchinson 0-0: DOUBLE (Flyball, 7LM)
Elliott Newell to third
Runner from 3rd tries for Home, SAFE, no throw
Batting: RHB Félix Gonzáles 0-0: Called Strike
0-1: Ball
1-1: Swinging Strike
1-2: Strikes out swinging
Bottom of the 6th over - 2 run(s), 3 hit(s), 0 error(s), 1 left on base; Niagara Falls 12 - Springfield 4
TOP OF THE 7TH
Niagara Falls Frenzy batting - Pitching for Springfield Stars : RHP George Lockhart
Batting: RHB Zander Tremblett 0-0: Called Strike
0-1: Fly out, F3 (Popup, 3S)
Batting: LHB Clyde Yarbrough 0-0: Ball
1-0: Called Strike
1-1: Ball
2-1: Ball
3-1: Fly out, F9 (Flyball, 9)
Batting: LHB Dante Owens 0-0: Ball
1-0: Ball
2-0: Ball
3-0: Base on Balls
Batting: SHB Martín De Jesús 0-0: Ball
Dante Owens is caught stealing 2nd base
Top of the 7th over - 0 run(s), 0 hit(s), 0 error(s), 0 left on base; Niagara Falls 12 - Springfield 4
BOTTOM OF THE 7TH
Springfield Stars batting - Pitching for Niagara Falls Frenzy : RHP George Nelson
Pitching: RHP Terry Fields
Batting: RHB Juan Carlos Rodríguez 0-0: Fly out, F9 (Flyball, 89XD)
Batting: LHB Jesús Tobías 0-0: Ball
1-0: Ground out 3-1 (Groundball, 34S)
Batting: RHB Calvin Bennett 0-0: Ball
1-0: Ball
2-0: Ball
3-0: Called Strike
3-1: Ground out 4-3 (Groundball, 4)
Bottom of the 7th over - 0 run(s), 0 hit(s), 0 error(s), 0 left on base; Niagara Falls 12 - Springfield 4
TOP OF THE 8TH
Niagara Falls Frenzy batting - Pitching for Springfield Stars : RHP George Lockhart
Batting: SHB Martín De Jesús 0-0: Ball
1-0: Ball
2-0: SINGLE (Line Drive, 78S)
Batting: LHB Leo Wyeth 0-0: Ball
1-0: Foul Ball, location: 2F
1-1: Ball
2-1: Swinging Strike
2-2: Ball
3-2: Base on Balls
Martín De Jesús to second
Batting: RHB Ángel Hinojosa 0-0: Ball
1-0: Grounds into double play, 5-4-3 (Groundball, 56)
Martín De Jesús to third
Batting: LHB Bill Hall 0-0: Ball
1-0: Swinging Strike
1-1: Ball
2-1: Ball
3-1: Called Strike
3-2: Foul Ball, location: 2F
3-2: Foul Ball, location: 2F
3-2: Strikes out swinging
Top of the 8th over - 0 run(s), 1 hit(s), 0 error(s), 1 left on base; Niagara Falls 12 - Springfield 4
BOTTOM OF THE 8TH
Springfield Stars batting - Pitching for Niagara Falls Frenzy : RHP Terry Fields
Now at 2B: Ramiro Gámez
Now in CF: Jung-ha Kim
Batting: RHB Norberto Taváres 0-0: Ball
1-0: Ball
2-0: Ball
3-0: Base on Balls
Batting: LHB Derek Davidson 0-0: Called Strike
0-1: Ball
1-1: Foul Ball, location: 2F
1-2: Foul Ball, location: 2F
1-2: Foul Ball, location: 2F
1-2: Ball
2-2: Foul Ball, location: 2F
2-2: 2-RUN HOME RUN (Flyball, 9LD), Distance : 347 ft
Batting: LHB Felipe Guerrero 0-0: Called Strike
0-1: Swinging Strike
0-2: Foul Ball, location: 2F
0-2: Ball
1-2: Ball
2-2: Foul Ball, location: 2F
2-2: Fly out, F8 (Line Drive, 89M)
Batting: LHB Elliott Newell 0-0: Swinging Strike
0-1: Called Strike
0-2: SINGLE (Flyball, 78S)
Batting: SHB Shane Hutchinson 0-0: Swinging Strike
0-1: Ball
1-1: Called Strike
1-2: Ball
2-2: Strikes out swinging
Batting: RHB Félix Gonzáles 0-0: Ball
1-0: Ball
2-0: Called Strike
2-1: Fly out, F8 (Flyball, 8LS)
Bottom of the 8th over - 2 run(s), 2 hit(s), 0 error(s), 1 left on base; Niagara Falls 12 - Springfield 6
TOP OF THE 9TH
Niagara Falls Frenzy batting - Pitching for Springfield Stars : RHP George Lockhart
Batting: SHB Dave MacThomas 0-0: Ground out 6-3 (Groundball, 6)
Batting: RHB Tomás Estrada 0-0: Ball
1-0: Called Strike
1-1: Called Strike
1-2: Ball
2-2: Ball
3-2: Base on Balls
Batting: RHB Zander Tremblett 0-0: Swinging Strike
0-1: Ball
1-1: Ball
2-1: Grounds into double play, 3-6-3 (Groundball, 3)
Top of the 9th over - 0 run(s), 0 hit(s), 0 error(s), 0 left on base; Niagara Falls 12 - Springfield 6
BOTTOM OF THE 9TH
Springfield Stars batting - Pitching for Niagara Falls Frenzy : RHP Terry Fields
Batting: RHB Juan Carlos Rodríguez 0-0: Ball
1-0: DOUBLE (Flyball, 78D)
Batting: LHB Jesús Tobías 0-0: Called Strike
0-1: Ball
1-1: Ball
2-1: Ball
3-1: Foul Ball, location: 2F
3-2: Fly out, F3 (Popup, 3)
Batting: RHB Calvin Bennett 0-0: Reached on error, E5 (Groundball, 56)
Juan Carlos Rodríguez to third
Batting: RHB Norberto Taváres 0-0: Called Strike
0-1: Foul Ball, location: 2F
0-2: Ball
1-2: Ball
2-2: Foul Ball, location: 2F
2-2: Ball
3-2: Reached on error, E6 (Groundball, 6)
Juan Carlos Rodríguez scores
Calvin Bennett to second
Pitching: RHP Esteban Juárez
Batting: LHB Derek Davidson 0-0: Ball
1-0: Ball
2-0: Foul Ball, location: 2F
2-1: Ball
3-1: Foul Ball, location: 2F
3-2: Foul Ball, location: 2F
3-2: Base on Balls
Calvin Bennett to third
Norberto Taváres to second
Batting: LHB Felipe Guerrero 0-0: Ball
1-0: Ground out 6-3 (Groundball, 6MS)
Calvin Bennett scores
Norberto Taváres to third
Derek Davidson to second
Batting: LHB Elliott Newell 0-0: Ball
1-0: Ball
2-0: Ball
3-0: Called Strike
3-1: Foul Ball, location: 2F
3-2: Foul Ball, location: 2F
3-2: Hit by Pitch
Pinch Runner at 1st David García:
Batting: SHB Shane Hutchinson 0-0: Called Strike
0-1: Ball
1-1: Ball
2-1: Ball
3-1: Base on Balls
Norberto Taváres scores
Derek Davidson to third
David García to second
Pinch Hitting: RHB Juan Rodríguez 0-0: Ball
1-0: SINGLE (Line Drive, 9LS)
Derek Davidson scores
David García to third
Shane Hutchinson to second
Batting: RHB Juan Carlos Rodríguez 0-0: Ball
1-0: Ball
2-0: Called Strike
2-1: Ball
3-1: DOUBLE (Flyball, 78D)
David García scores
Shane Hutchinson scores
Juan Rodríguez to third
Runner from 3rd tries for Home, SAFE, no throw
Thursday, March 30th, 2017 - OOTP Baseball 17.12 Build 75